 Dungeon Crawl Stone Soup version 0.18.1-48-g4cf74bf (webtiles) character file.

243 Jobasha the Poker (level 6, -3/46 HPs)
             Began as a Human Gladiator on Aug 29, 2016.
             Slain by rastmirit's ghost (14 damage)
             ... on level 3 of the Dungeon.
             The game lasted 00:36:30 (3898 turns).

Jobasha the Poker (Human Gladiator)                 Turns: 3898, Time: 00:36:31

Health: -3/46      AC:  4    Str: 16    XL:     6   Next: 31%
Magic:  6/6        EV: 11    Int:  9    God:
Gold:   252        SH:  9    Dex: 14    Spells: 0 memorised, 5 levels left

rFire  . . .     SeeInvis .     a - +0 trident
rCold  . . .     Gourm    .     b - +0 leather armour
rNeg   . . .     Faith    .     j - +1 shield
rPois  .         Spirit   .     c - +0 helmet
rElec  .         Dismiss  .     (no cloak)
rCorr  .         Reflect  .     (no gloves)
SustAt .         Harm     .     (no boots)
MR     .....                    r - amulet of rage
Stlth  +.........               (no ring)
                                (no ring)

@: not resistant to hostile enchantments, very unstealthy
A: no striking features
a: Evoke Berserk Rage


You were on level 3 of the Dungeon.
You were not hungry.

You visited 1 branch of the dungeon, and saw 3 of its levels.

You collected 252 gold pieces.

Inventory:

Hand Weapons
 a - a +0 trident (weapon)
 p - a +0 club
Armour
 b - a +0 leather armour (worn)
 c - a +0 helmet (worn)
 j - a +1 shield (worn)
 o - a +0 ring mail
Jewellery
 r - an amulet of rage (around neck)
Wands
 d - a wand of digging (14/24)
Scrolls
 e - a scroll of identify
 m - a scroll of enchant armour
Potions
 s - a potion of agility
Comestibles
 f - 3 bread rations
 h - 2 fruits
 i - 2 meat rations


   Skills:
 + Level 2.6 Fighting
 + Level 4.1 Polearms
 + Level 2.6 Throwing
 + Level 2.1 Armour
 + Level 4.1 Dodging
 + Level 0.9 Stealth
 + Level 1.5 Shields


You had 5 spell levels left.
You didn't know any spells.

Dungeon Overview and Level Annotations

Branches:
Dungeon (3/15)

Altars:
Elyvilon
Gozag

Annotations:
D:3 rastmirit's ghost, amateur OpFi


Message History

Rastmirit's ghost hits you!
You hit rastmirit's ghost but do no damage.
Rastmirit's ghost is severely damaged.
Rastmirit's ghost hits you!
* * * LOW HITPOINT WARNING * * *
You hit rastmirit's ghost but do no damage.
Rastmirit's ghost is severely damaged.
Rastmirit's ghost whispers, "They're coming for you..."
Rastmirit's ghost hits you but does no damage.
You barely miss rastmirit's ghost.
Rastmirit's ghost is severely damaged.
Rastmirit's ghost hits you.
* * * LOW HITPOINT WARNING * * *
You closely miss rastmirit's ghost.
Rastmirit's ghost is severely damaged.
Rastmirit's ghost closely misses you.
You puncture rastmirit's ghost!
Rastmirit's ghost is severely damaged.
Rastmirit's ghost hits you!
You die...

*,...........#.#
**###.###.####.#**
*.#..W..#*..,,
*,#.....#*##*,
*,#.....# **
#####.#.....# *
#..ยง..#.....# *
##W###.....### *
*#.@.##S###.# *
*#.....#.**#.#
*****
#.........,#.#
*,,,,
##.....#.#.#.#
*,***
##...##.#,*,* *,*
##.##*,.,,,****,*
### ***.,,,,,,,*
**********


You could see rastmirit's ghost.

Vanquished Creatures
  A phantom (D:3)
  Jessica (D:2)
  Ijyb (D:2)
  2 adders
  2 oozes
  2 worms
  A dart slug (D:1)
  2 giant geckos
  2 ball pythons (D:1)
  3 giant cockroaches
  8 goblins
  12 hobgoblins
  3 jackals (D:1)
  8 kobolds
  A quokka (D:2)
  9 bats
  2 giant newts (D:3)
  9 rats
69 creatures vanquished.

Notes
Turn   | Place    | Note
--------------------------------------------------------------
     0 | D:1      | Jobasha the Human Gladiator began the quest for the Orb.
     0 | D:1      | Reached XP level 1. HP: 16/16 MP: 1/1
   159 | D:1      | Reached XP level 2. HP: 10/22 MP: 2/2
   648 | D:1      | Reached XP level 3. HP: 27/27 MP: 3/3
  1176 | D:1      | You fall through a shaft!
  1418 | D:2      | Reached XP level 4. HP: 32/33 MP: 4/4
  1442 | D:2      | Found an opulent altar of Gozag.
  1506 | D:2      | Noticed Jessica
  1521 | D:2      | Reached skill level 1 in Armour
  1534 | D:2      | Killed Jessica
  1893 | D:2      | Found a white marble altar of Elyvilon.
  2132 | D:2      | Reached XP level 5. HP: 26/39 MP: 5/5
  2389 | D:2      | Noticed Ijyb
  2397 | D:2      | Killed Ijyb
  2977 | D:3      | Noticed rastmirit's ghost (amateur OpFi)
  3255 | D:3      | Noticed a phantom
  3324 | D:3      | Killed a phantom
  3324 | D:3      | Reached skill level 1 in Shields
  3324 | D:3      | Reached XP level 6. HP: 43/46 MP: 6/6
  3898 | D:3      | Slain by rastmirit's ghost

Skill      XL: |  1  2  3  4  5 |
---------------+----------------+-----
Armour         | 1 2 |  2.1
Polearms       | 4 |  4.1
Dodging        | 4 |  4.1
Shields        | 1 |  1.5
Fighting       | |  2.6
Throwing       | |  2.6
Stealth        | |  0.9

Action                   |  1- 3 |  4- 6 || total
-------------------------+-------+-------++-------
Melee: Trident           |   125 |   198 ||   323
Throw: Throwing net      |     8 |     9 ||    17
  Use: Potion            |     6 |     4 ||    10
       Scroll            |     2 |     9 ||    11
 Stab: Held in net/web   |     1 |     1 ||     2
       Distracted        |       |     1 ||     1
  Eat: Chunk             |     1 |     3 ||     4
       Bread ration      |     1 |       ||     1
       Meat ration       |       |     1 ||     1
Armor: Leather armour    |    44 |    36 ||    80
Dodge: Dodged            |   102 |    78 ||   180
Block: Shield            |     3 |    85 ||    88
